 Dungeon Crawl Stone Soup version 0.28-a0-1227-ga9037bb4c8 (webtiles) character file.

Game seed: 618264056092777451

557380 kipponium the Impassioned (level 26, -2/213 HPs)
             Began as a Gnoll Cinder Acolyte on Dec 22, 2021.
             Was a Believer of Uskayaw.
             Killed from afar by an orb of fire (45 damage)
             ... with a bolt of fire
             ... on level 5 of the Realm of Zot.
             The game lasted 08:08:39 (73827 turns).

kipponium the Impassioned (Gnoll Cinder Acolyte)   Turns: 73827, Time: 08:08:39

Health: -2/213     AC: 25    Str: 26      XL:     26   Next: 52%
Magic:  31/53      EV: 22    Int: 24      God:    Uskayaw [**....]
Gold:   5530       SH: 21    Dex: 17 (18) Spells: 6/60 levels left

rFire   . . .      SeeInvis +   F - +9 demon blade (vorpal)
rCold   + + +      Faith    .   M - +1 kite shield
rNeg    + . .      Spirit   .   o - quicksilver dragon scales
rPois   +          Reflect  +   b - +2 helmet of Music {Str+5 Dex+5}
rElec   +          Harm     .   T - scarf {+Inv}
rCorr   .          Rampage  .   t - +2 pair of gloves {Stlth+}
Will    ++...                   x - +0 pair of boots of Meved {Regen+ Dex+3}
Stlth   +++++++...              i - amulet of reflection
HPRegen 1.25/turn               A - ring "Doevas" {rElec rPois rC+++ Int+6 Dex-2}
MPRegen 0.33/turn               J - ring of Erhaubah {rN+ MP+9 Str+4 SInv}

@: death channelling, studying Summonings
A: fangs 1, strong nose, distributed training, deterioration 1
}: 3/15 runes: barnacled, silver, gossamer
a: Renounce Religion, Evoke Invisibility, Stomp, Line Pass


You were on level 5 of the Realm of Zot.
You worshipped Uskayaw.
Uskayaw was most pleased with you.
You visited 10 branches of the dungeon, and saw 49 of its levels.
You visited the Abyss 1 time.
You also visited: Gauntlet, Ice Cave and Volcano.

You collected 10029 gold pieces.
You spent 4499 gold pieces at shops.

Inventory:

Hand Weapons
 a - the +5 demon whip "Spellbinder" {antimagic, Will+}
   (You found it on level 3 of the Elven Halls)

   It reduces the magical energy of the wielder, and disrupts the spells and
   magical abilities of those it strikes.
   Natural abilities and divine invocations are not affected.
   It unleashes wild and unpredictable magical effects upon striking a wizard or
   a creature with magical abilities.
   Will:      It increases your willpower.
 F - a +9 vorpal demon blade (weapon)
 K - a +1 eveningstar of protection
 U - the +2 arbalest of the Dozen Souls {venom, *Slow rN+++ Will+ Int+2}
   (You found it on level 3 of the Elven Halls)

   Any ammunition fired from it poisons the flesh of those it strikes.
   Int:       It affects your intelligence (+2).
   rN:        It renders you almost immune to negative energy.
   *Slow:     It may slow you when you take damage.
   Will:      It increases your willpower.
Missiles
 f - 14 boomerangs
 n - 90 poisoned darts (quivered)
 u - 12 silver javelins
 z - 28 curare-tipped darts
 N - 5 datura-tipped darts
Armour
 b - the +2 helmet of Music (worn) {Str+5 Dex+5}
   (You bought it in a shop on level 2 of the Elven Halls)

   Str:       It affects your strength (+5).
   Dex:       It affects your dexterity (+5).
 o - quicksilver dragon scales (worn)
 t - a +2 pair of gloves of stealth (worn)
 x - the +0 pair of boots of Meved (worn) {Regen+ Dex+3}
   (You found it in a Gauntlet)

   Dex:       It affects your dexterity (+3).
   Regen:     It increases your rate of health regeneration.
 M - a +1 kite shield (worn)
 T - a scarf of invisibility (worn)
Jewellery
 g - the amulet of the Past {Acrobat Harm rPois rN++ Dex-4}
   (You found it in an ice cave)

   [amulet of the acrobat]

   It increases your evasion while moving and waiting.
   Dex:       It affects your dexterity (-4).
   rPois:     It protects you from poison.
   rN:        It greatly protects you from negative energy.
   Harm:      It increases damage dealt and taken.
 i - an amulet of reflection (around neck)
 A - the ring "Doevas" (left hand) {rElec rPois rC+++ Int+6 Dex-2}
   (You bought it in a shop on level 13 of the Dungeon)

   [ring of intelligence]

   Int:       It affects your intelligence (+6).
   Dex:       It affects your dexterity (-2).
   rC:        It renders you almost immune to cold.
   rElec:     It insulates you from electricity.
   rPois:     It protects you from poison.
 J - the ring of Erhaubah (right hand) {rN+ MP+9 Str+4 SInv}
   (You found it on level 3 of the Realm of Zot)

   [ring of magical power]

   Str:       It affects your strength (+4).
   rN:        It protects you from negative energy.
   MP:        It affects your magic capacity (+9).
   SInv:      It lets you see invisible.
 P - a ring of flight
 W - the ring "Figysm" {rCorr Slay+4}
   (You bought it in a shop on level 10 of the Dungeon)

   [ring of slaying]

   Slay:      It affects your accuracy & damage with ranged weapons and melee
   (+4).
   rCorr:     It protects you from acid and corrosion.
Wands
 h - a wand of paralysis (33)
 p - a wand of digging (3)
 q - a wand of mindburst (16)
 r - a wand of acid (29)
 s - a wand of iceblast (33)
Scrolls
 j - 6 scrolls of vulnerability
 l - 3 scrolls of magic mapping
 B - 14 scrolls of teleportation
 C - 2 scrolls of fear
 I - a scroll of enchant weapon
 L - 19 scrolls of identify
 R - a scroll of immolation
 S - 2 scrolls of summoning
 V - 4 scrolls of holy word
 X - 2 scrolls of fog
Potions
 c - 4 potions of resistance
 d - 2 potions of brilliance
 e - 2 potions of cancellation
 m - 10 potions of curing
 v - 5 potions of invisibility
 w - 4 potions of magic
 E - 4 potions of flight
 G - 4 potions of might
 O - 6 potions of haste
 Q - 7 potions of heal wounds
Miscellaneous
 k - a tin of tremorstones (2/2)
 y - a condenser vane
 D - a phial of floods (inert)
 H - a lightning rod (3/4)
 Y - a box of beasts (inert)
 Z - a phantom mirror (inert)


   Skills:
 + Level 18.7 Fighting
 + Level 18.7 Short Blades
 + Level 17.7 Long Blades
 + Level 17.7 Axes
 + Level 17.7 Maces & Flails
 + Level 17.7 Polearms
 + Level 17.7 Staves
 + Level 17.7 Slings
 + Level 17.7 Bows
 + Level 17.7 Crossbows
 + Level 17.7 Throwing
 + Level 17.7 Armour
 + Level 17.7 Dodging
 + Level 17.7 Stealth
 + Level 17.7 Shields
 + Level 17.7 Unarmed Combat
 + Level 17.9 Spellcasting
 + Level 15.1 Conjurations
 + Level 15.1 Hexes
 + Level 16.7 Summonings
 + Level 15.1 Necromancy
 + Level 15.1 Translocations
 + Level 15.1 Transmutations
 + Level 15.9 Fire Magic
 + Level 15.1 Ice Magic
 + Level 15.1 Air Magic
 + Level 15.1 Earth Magic
 + Level 15.1 Poison Magic
 + Level 19.2 Invocations
 + Level 17.7 Evocations


You had 6 spell levels left.
You knew the following spells:

 Your Spells              Type           Power      Damage    Failure   Level
a - Scorch                Fire           100%       2d10      0%          2
b - Passwall              Tmut/Erth      63%        N/A       0%          2
c - Blink                 Tloc           100%       N/A       0%          2
d - Mephitic Cloud        Conj/Pois/Air  76%        N/A       1%          3
e - Dazzling Flash        Conj/Hex       100%       N/A       1%          3
f - Swiftness             Air            76%        N/A       1%          3
g - Frozen Ramparts       Ice            100%       1d12      1%          3
h - Apportation           Tloc           100%       N/A       0%          1
i - Petrify               Tmut/Erth      76%        N/A       1%          4
j - Metabolic Englaciati  Hex/Ice        38%        N/A       1%          5
k - Summon Forest         Summ/Tloc      39%        N/A       1%          5
l - Death Channel         Necr           38%        N/A       1%          6
m - Flame Wave            Conj/Fire      77%        2d11      1%          4
n - Dispel Undead         Necr           76%        3d25      1%          4
o - Malign Gateway        Summ/Tloc      39%        N/A       3%          7

Your spell library contained the following spells:

 Spells                   Type           Power      Damage    Failure   Level
 Animate Skeleton         Necr           100%       N/A       0%          1
 Foxfire                  Conj/Fire      100%       2x1d9     0%          1
 Freeze                   Ice            100%       1d11      0%          1
 Magic Dart               Conj           100%       1d8       0%          1
 Pain                     Necr           100%       1d9       0%          1
 Shock                    Conj/Air       100%       1d9       0%          1
 Call Imp                 Summ           80%        N/A       0%          2
 Corpse Rot               Necr/Air       100%       N/A       0%          2
 Sublimation of Blood     Necr           76%        N/A       0%          2
 Wereblood                Tmut           76%        N/A       0%          2
 Call Canine Familiar     Summ           80%        N/A       0%          3
 Conjure Flame            Conj/Fire      77%        6-21      0%          3
 Ignite Poison            Fire/Tmut/Pois 77%        N/A       0%          3
 Inner Flame              Hex/Fire       77%        N/A       0%          3
 Summon Guardian Golem    Hex/Summ       78%        N/A       0%          3
 Gell's Gravitas          Tloc           76%        N/A       1%          3
 Portal Projectile        Hex/Tloc       100%       N/A       1%          3
 Teleport Other           Tloc           76%        N/A       1%          3
 Vampiric Draining        Necr           76%        2d11      1%          3
 Airstrike                Air            38%        N/A       1%          4
 Cause Fear               Hex            38%        N/A       1%          4
 Hailstorm                Conj/Ice       76%        3d16      1%          4
 Ice Form                 Ice/Tmut       76%        N/A       1%          4
 Passage of Golubria      Tloc           76%        N/A       1%          4
 Sticky Flame             Conj/Fire      77%        2d9       1%          4
 Summon Ice Beast         Ice/Summ       78%        N/A       1%          4
 Summon Lightning Spire   Summ/Air       78%        N/A       1%          4
 Agony                    Necr           76%        N/A       1%          5
 Alistair's Intoxication  Tmut/Pois      50%        N/A       1%          5
 Blade Hands              Tmut           38%        N/A       1%          5
 Excruciating Wounds      Necr           38%        N/A       1%          5
 Freezing Cloud           Conj/Ice/Air   38%        6-21      1%          5
 Lightning Bolt           Conj/Air       38%        1d56      1%          5
 Manifold Assault         Tloc           76%        N/A       1%          5
 Silence                  Hex/Air        38%        N/A       1%          5
 Summon Mana Viper        Hex/Summ       78%        N/A       1%          5
 Conjure Ball Lightning   Conj/Air       38%        3x3d12    1%          6
 Dispersal                Tloc           38%        N/A       1%          6
 Eringya's Noxious Bog    Tmut/Pois      38%        N/A       1%          6
 Iron Shot                Conj/Erth      38%        9d8       1%          6
 Simulacrum               Ice/Necr       38%        N/A       1%          6
 Statue Form              Tmut/Erth      50%        N/A       1%          6
 Summon Cactus Giant      Summ           40%        N/A       1%          6
 Summon Hydra             Summ           40%        N/A       2%          7
 Storm Form               Tmut/Air       38%        N/A       4%          7
 Summon Horrible Things   Summ           40%        N/A       21%         8
 Discord                  Hex            38%        N/A       36%         8
 Disjunction              Tloc           38%        N/A       36%         8
 Lehudib's Crystal Spear  Conj/Erth      38%        10d9      36%         8
 Maxwell's Capacitive Co  Air            38%        ∞         36%         8
 Chain Lightning          Conj/Air       38%        3d50      99%         9
 Fire Storm               Conj/Fire      38%        8d10      99%         9
 Shatter                  Erth           38%        3d30*     99%         9


Dungeon Overview and Level Annotations

Branches:
Dungeon (15/15)            Temple (1/1) D:6            Lair (6/6) D:8
 Shoals (4/4) Lair:2       Spider (4/4) Lair:2        Slime (0/5) Lair:6
    Orc (2/2) D:12            Elf (3/3) Orc:2        Vaults (5/5) D:13
  Crypt (0/3) Vaults:2     Depths (4/4) D:15            Zot (5/5) Depths:4
  IceCv (visited)         Volcano (visited)         Gauntlet (visited)

Altars:
Ashenzari
Cheibriados
Dithmenos
Elyvilon
Fedhas
Gozag
Hepliaklqana
Kikubaaqudgha
Makhleb
Nemelex Xobeh
Okawaru
Qazlal
Ru
Sif Muna
Trog
Uskayaw
Vehumet
Wu Jian
Xom
Yredelemnul
Zin
The Shining One
Beogh
Jiyva

Shops:
D:1 !   D:4 *   D:10 *   D:13 =(   Orc:2 *:([   Elf:2 [[   Elf:3 [   Shoals:1 ?
Vaults:1 *   Vaults:2 [   Depths:1 *   Depths:3 (**

Portals:
Hell: Depths:1 Depths:2 Depths:3 Depths:4
Abyss: Depths:3
Pandemonium: Depths:2
Ziggurat: Depths:3
Trove: D:14 (give 10 potions of heal wounds)

Annotations:
D:10 1 runed translucent door
D:15 Roxanne
Depths:4 1 transporter, Funofi's ghost, adept MiBe


Innate Abilities, Weirdness & Mutations

You have very sharp teeth.
Your uncanny sense of smell can sniff out nearby items.
Your experience applies equally to all skills.
Your body sometimes deteriorates upon taking damage.


Message History

The ancient lich flickers and vanishes for a moment.
Your spectral Orb Guardian hits the orb of fire.
The Orb Guardian closely misses your spectral Orb Guardian.
The Killer Klown sucker-punches your spectral Orb Guardian with a +12 club of flaming!!
The Killer Klown burns your spectral Orb Guardian.
An orb of fire comes into view.
You can now pass through a line of other dancers.
Aiming: Thunderbolt
Press: ? - help, Shift-Dir - straight line, f - Orb Guardian, p - orb of fire
Aim: an Orb Guardian (moderately wounded, slow, waterlogged, ally target)
The thunderbolt hits the orb of fire but does no damage.
The orb of fire is severely damaged.
The thunderbolt hits the Orb Guardian.
The Orb Guardian is moderately wounded.
The thunderbolt hits the Orb Guardian!
The Orb Guardian is lightly wounded.
The thunderbolt hits the Orb Guardian!
The Orb Guardian is severely wounded.
The orb of fire glows red.
The bolt of fire hits the orb of fire.
The orb of fire completely resists.
The bolt of fire hits you!!!
* * * LOW HITPOINT WARNING * * *
Your body deteriorates!
You feel clumsy.
Your spectral Orb Guardian barely misses the Killer Klown.
The Orb Guardian hits your spectral Orb Guardian!
Your eldritch tentacle closely misses the death cob.
Your eldritch tentacle claws the death cob!!
The death cob is engulfed in flames!
The Killer Klown pies you viciously!
The klown pie hits your spectral Orb Guardian!!
Your spectral Orb Guardian is destroyed!
An orb of fire comes into view.
You are engulfed in a cloud of scalding steam.
The orb of fire glows deep purple.
The bolt of fire hits the orb of fire.
The orb of fire completely resists.
The bolt of fire hits you!
* * * LOW HITPOINT WARNING * * *
The orb of fire glows red.
The bolt of fire hits you!!!
You die...

#.####....# ###....#.⌠#.#. #.#
#..#.# ##..#...##.#.## #.#
#..#.#####...###........ #####.#
#..#.....##.##......#..#
......####≈≈#####...<.#.#########
#####...§≈..≈.......#.#......###.
#....§.§≈.......###'#..#...##
#.####§≈####..###...##.##.... #.#
#..####@.##.....##.#.... #.#
#..##.#§##X≈.....###....
#.####).#..#§*p*zw.....####..
##.##....#..#)#§*D......#..###
#†.##.........#.≈X......'.###
##.##..#.....####XLX....##...#*
#..#...#.......###..*..##.##...
##.####.###'##..#.##...##..*,...
#..##....##.###.#.####*#.##*,,.#


You could see an orb of fire (unsilenced, waterlogged).

Vanquished Creatures
  Mara (Vaults:4)
  2 ancient liches (Vaults:5)
  2 juggernauts
  Bai Suzhen (Vaults:5)
  A Killer Klown (Zot:3)
  A caustic shrike (Depths:4)
  Saint Roka (Orc:2)
  9 golden dragons
  Jorgrun (Shoals:3)
  9 tentacled monstrosities
  An Orb Guardian (Zot:5)
  2 deep elf blademasters (Elf:3)
  A lich (Depths:2)
  2 walking frostbound tomes
  2 titans
  6 sphinxes
  7 quicksilver dragons
  5 death cobs
  2 deep elf master archers (Elf:3)
  4 tengu reavers
  Kirke (Shoals:4)
  5 krakens
  7 shadow dragons
  Ilsuiw (Shoals:2)
  7 storm dragons
  A draconian monk (Zot:3)
  4 fire giants
  A draconian scorcher (Zot:2)
  18 vault wardens
  2 draconian knights
  5 ghost moths (Spider:4)
  5 frost giants
  6 deep elf sorcerers
  Louise (D:14)
  14 ironbound preservers
  13 emperor scorpions
  2 draconian shifters (Zot:2)
  6 deep elf elementalists (Elf:3)
  9 stone giants
  A war gargoyle (Vaults:5)
  17 very ugly things
  2 draconian annihilators (Zot:2)
  7 ironbound thunderhulks
  A lorocyproca (Depths:2)
  12 black draconians
  4 dire elephants
  6 deep elf annihilators
  3 entropy weavers
  5 deep elf demonologists
  4 green draconians
  4 white draconians
  A minotaur (Gauntlet)
  3 vampire knights
  7 yellow draconians
  8 spark wasps
  5 red draconians
  4 purple draconians
  Snorg (Lair:4)
  12 merfolk impalers
  10 fire dragons
  4 deep elf death magi
  5 mummy priests
  10 ettins
  The ghost of p0werm0de the Cleaver, a journeyman MiCK of Xom (D:11)
  32 vault guards
  Josephine (Shoals:1)
  15 yaktaur captains
  5 merfolk javelineers
  11 great orbs of eyes
  3 deep elf high priests
  6 hydras
  12 ice dragons
  5 ironbound frosthearts
  A rakshasa (Depths:2)
  8 boulder beetles
  A catoblepas (D:15)
  3 ogre magi
  A peacekeeper (Vaults:4)
  2 merfolk avatars
  9 centaur warriors
  2 merfolk aquamancers (Shoals:4)
  3 spriggan air magi (Depths:2)
  A death knight (D:15)
  An alligator snapping turtle (Shoals:3)
  3 death yaks (Lair:6)
  2 satyrs
  13 two-headed ogres
  32 dancing weapons
  A satyr (shapeshifter) (Vaults:5)
  8 deep troll shamans
  8 tengu warriors
  A vampire mage (Depths:2)
  4 deep troll earth magi
  A spriggan berserker (Depths:2)
  4 orc high priests
  A sun demon (Depths:2)
  21 deep elf knights
  A hell knight (Depths:2)
  6 iron trolls
  A fire crab (Gauntlet)
  2 glowing orange brains
  13 deep elf archers
  3 flayed ghosts
  A swamp dragon (Lair:6)
  47 deep trolls
  An orange crystal statue (IceCv)
  2 shadow demons (Elf:1)
  8 wizards
  16 harpies
  14 ironbound convokers
  10 sea snakes
  A necromancer (D:13)
  A phantasmal warrior (Vaults:5)
  5 lindwurms
  26 wolf spiders
  35 deep elf pyromancers
  34 deep elf zephyrmancers
  25 ugly things
  16 orb spiders
  5 orc knights
  5 fauns
  9 manticores
  An oklob plant (Shoals:3)
  6 cyclopes
  A salamander (Depths:4)
  Maurice (D:12)
  A faun (shapeshifter) (Vaults:3)
  A rust devil (Depths:2)
  18 moths of wrath
  10 merfolk sirens
  6 orc sorcerers
  A frost giant skeleton (Vaults:5)
  An apocalypse crab (Gauntlet)
  12 elephants
  A guardian serpent (Lair:6)
  14 vault sentinels
  10 water nymphs
  7 black mambas
  24 cane toads
  A torpor snail (Spider:1)
  A gargoyle (D:12)
  3 storm dragon simulacra (IceCv)
  An unseen horror (D:11)
  A komodo dragon (shapeshifter) (Vaults:5)
  10 demonic crawlers
  A rime drake (shapeshifter) (Vaults:5)
  2 rime drakes
  Maggie (D:7)
  2 kobold demonologists (Elf:1)
  An efreet (D:15)
  2 guardian mummies (Depths:3)
  An ice devil (Gauntlet)
  17 komodo dragons
  42 yaktaurs
  5 tengu conjurers
  4 freezing wraiths
  36 jumping spiders
  3 meliai (Lair:3)
  3 golden dragon simulacra (IceCv)
  A queen bee (Lair:3)
  28 merfolk
  12 hornets
  A merfolk (shapeshifter) (Vaults:5)
  3 trolls
  6 wind drakes
  2 polar bears (Lair:6)
  Grinder (D:3)
  A hornet (shapeshifter) (Vaults:5)
  4 snapping turtles
  30 slime creatures
  A snapping turtle (shapeshifter) (Vaults:5)
  9 blink frogs (Lair:3)
  20 dream sheep
  A meliai zombie (D:10)
  3 air elementals
  A centaur simulacrum (D:15)
  71 redbacks
  2 shadows
  22 tarantellas
  36 yaks
  3 spriggans (D:11)
  A vampire (D:10)
  11 water elementals
  6 basilisks
  14 wyverns
  5 wraiths
  5 fire bats (Gauntlet)
  19 fire elementals
  A hog (Shoals:4)
  18 humans (D:13)
  8 steam dragons
  Menkaure (D:6)
  13 vampire mosquitoes
  An elf skeleton (Vaults:5)
  4 wargs
  2 acid dragons (Lair:6)
  38 water moccasins
  A floating eye (shapeshifter) (Vaults:5)
  10 hell hounds
  22 orc warriors
  3 ice beasts
  An ice beast (shapeshifter) (Vaults:5)
  3 sky beasts (D:7)
  A sky beast (shapeshifter) (Vaults:5)
  2 black bears (shapeshifter)
  6 ice dragon simulacra (IceCv)
  A swamp drake (Lair:6)
  9 black bears
  A necrophage (D:7)
  19 wolves
  2 boggarts (Elf:1)
  9 centaurs
  7 ogres
  A phantom (D:4)
  A kobold brigand (D:10)
  5 bullfrogs
  An earth elemental (Elf:3)
  A gnoll sergeant (D:12)
  3 scorpions (Lair:2)
  A wyvern zombie (D:8)
  A water moccasin skeleton (D:7)
  38 killer bees
  8 lindwurm simulacra (IceCv)
  3 electric eels
  4 howler monkeys
  A bullfrog zombie (D:7)
  20 orc priests
  2 centaur zombies
  A jelly (D:7)
  3 hounds
  Crazy Yiuf (D:3)
  5 iguanas
  A scorpion zombie (D:5)
  23 orc wizards
  3 killer bee zombies
  A hound zombie (D:5)
  2 hound skeletons
  2 mummies (Depths:3)
  A howler monkey zombie (D:8)
  Robin (D:3)
  4 adders
  4 gnolls (D:12)
  2 shadow imps
  3 white imps
  2 ufetubi
  4 worms
  A dart slug (D:4)
  73 orcs
  6 ball pythons
  4 bats
  9 endoplasms
  9 giant cockroaches
  18 goblins
  10 hobgoblins
  4 jackals (D:1)
  6 quokkas
  4 frilled lizards
  14 kobolds
  3 rats
  2 snaplasher vines (Shoals:2)
1883 creatures vanquished.

Vanquished Creatures (collateral kills)
  2 dread liches
  Mennas (Depths:4)
  A royal mummy (Depths:3)
  3 curse toes
  8 golden dragons
  Jory (Vaults:5)
  4 tentacled monstrosities
  Rupert (Lair:4)
  3 Orb Guardians (Zot:5)
  A titan (Vaults:5)
  A quicksilver dragon (Zot:4)
  A sphinx (Vaults:5)
  An eldritch tentacle (Zot:2)
  4 death cobs
  3 shadow dragons
  A tengu reaver (Vaults:5)
  2 draconian monks
  7 storm dragons
  A draconian knight (Zot:2)
  A deep elf sorcerer (Vaults:5)
  3 cacodemons (Zot:3)
  An iron dragon (Vaults:5)
  A frost giant (Vaults:5)
  A fire giant (Vaults:2)
  A draconian scorcher (Zot:3)
  A ghost moth (Zot:2)
  A vault warden (Vaults:3)
  A draconian shifter (Zot:1)
  A draconian stormcaller (Zot:3)
  4 ironbound preservers
  3 very ugly things
  4 stone giants
  2 black draconians
  3 white draconians
  4 dire elephants
  2 red draconians
  2 deep elf annihilators
  4 purple draconians
  A green draconian (Zot:2)
  3 yellow draconians
  3 great orbs of eyes
  3 merfolk javelineers (Shoals:4)
  A deep elf high priest (Vaults:5)
  3 merfolk impalers (Shoals:4)
  A crystal guardian (Vaults:4)
  2 vault guards (Vaults:1)
  5 yaktaur captains
  3 ice dragons (Depths:2)
  An ironbound frostheart (Vaults:1)
  An ogre mage (Vaults:5)
  3 merfolk avatars (Shoals:4)
  A satyr (Shoals:2)
  7 deep troll shamans
  2 tengu warriors (Depths:2)
  A dancing weapon (Elf:3)
  A deep troll earth mage (Vaults:5)
  2 deep elf knights
  4 iron trolls
  A shadow wraith (Vaults:5)
  A sea snake (Shoals:2)
  14 deep trolls
  3 deep elf archers
  A necromancer (Vaults:5)
  2 deep elf pyromancers (Elf:1)
  3 wizards
  4 harpies
  2 ironbound convokers (Vaults:5)
  An orc knight (Vaults:5)
  A wolf spider (shapeshifter) (Depths:2)
  5 moths of wrath
  8 ugly things
  2 manticores
  A faun (Shoals:2)
  2 merfolk sirens
  A rust devil (Depths:2)
  A smoke demon (Depths:2)
  8 yaktaurs
  A wind drake (Shoals:1)
  5 merfolk
  A troll (Vaults:5)
  A snapping turtle (Shoals:1)
  5 slime creatures
  A blink frog (shapeshifter) (Vaults:5)
  A yak (shapeshifter) (Vaults:5)
  3 hogs (Shoals:4)
  An ice dragon simulacrum (IceCv)
  An orc warrior (Vaults:5)
  A human skeleton (Vaults:5)
  An earth elemental (Elf:3)
  An orc priest (Vaults:5)
  2 orcs
220 creatures vanquished.

Vanquished Creatures (others)
  26 eldritch tentacles
  A deep elf high priest (Elf:3)
  A merfolk aquamancer (Shoals:4)
  A deep troll earth mage (Vaults:5)
  2 deep elf knights
  A titan skeleton (Vaults:5)
  A deep troll (Vaults:2)
  A deep elf pyromancer (Volcano)
  A deep elf zephyrmancer (Elf:1)
  A basilisk (Lair:3)
  2 centaurs (D:13)
  3 killer bees (Lair:3)
  An orc (Vaults:5)
  A demonic plant (Gauntlet)
  19 foxfires
  31 fungi
  165 plants
  14 snaplasher vines
  45 tentacles
317 creatures vanquished.

Grand Total: 2420 creatures vanquished

Notes
Turn   | Place    | Note
-------+----------+-------------------------------------------
     0 | D:1      | kipponium the Gnoll Cinder Acolyte began the quest for the
                  | Orb.
     0 | D:1      | Reached XP level 1. HP: 23/23 MP: 4/4
    28 | D:1      | Reached XP level 2. HP: 28/29 MP: 5/5
    84 | D:1      | Found a faded altar of an unknown god.
   173 | D:1      | Learned a level 2 spell: Scorch
   339 | D:1      | Found Totz's Distillery.
   702 | D:1      | Reached XP level 3. HP: 31/35 MP: 7/7
  1287 | D:2      | Reached skill level 1 in Invocations
  1550 | D:2      | Reached skill level 1 in Long Blades
  1550 | D:2      | Reached skill level 1 in Axes
  1550 | D:2      | Reached skill level 1 in Maces & Flails
  1550 | D:2      | Reached skill level 1 in Polearms
  1550 | D:2      | Reached skill level 1 in Staves
  1550 | D:2      | Reached skill level 1 in Slings
  1550 | D:2      | Reached skill level 1 in Bows
  1550 | D:2      | Reached skill level 1 in Crossbows
  1550 | D:2      | Reached skill level 1 in Throwing
  1550 | D:2      | Reached skill level 1 in Armour
  1550 | D:2      | Reached skill level 1 in Dodging
  1550 | D:2      | Reached skill level 1 in Stealth
  1550 | D:2      | Reached skill level 1 in Shields
  1550 | D:2      | Reached skill level 1 in Unarmed Combat
  1550 | D:2      | Reached skill level 1 in Evocations
  1604 | D:2      | Reached XP level 4. HP: 41/41 MP: 3/8
  2353 | D:3      | Noticed Robin
  2358 | D:3      | Reached skill level 1 in Conjurations
  2358 | D:3      | Reached skill level 1 in Hexes
  2358 | D:3      | Reached skill level 1 in Summonings
  2358 | D:3      | Reached skill level 1 in Necromancy
  2358 | D:3      | Reached skill level 1 in Translocations
  2358 | D:3      | Reached skill level 1 in Transmutations
  2358 | D:3      | Reached skill level 1 in Ice Magic
  2358 | D:3      | Reached skill level 1 in Air Magic
  2358 | D:3      | Reached skill level 1 in Earth Magic
  2358 | D:3      | Reached skill level 1 in Poison Magic
  2375 | D:3      | Killed Robin
  2556 | D:3      | Reached XP level 5. HP: 36/47 MP: 9/9
  2721 | D:3      | Noticed Grinder
  2731 | D:3      | Killed Grinder
  2732 | D:3      | Reached skill level 2 in Invocations
  2732 | D:3      | Reached XP level 6. HP: 42/53 MP: 5/11
  2962 | D:3      | Found a white marble altar of Elyvilon.
  3404 | D:3      | Found a runed translucent door.
  3405 | D:3      | Noticed Crazy Yiuf
  3422 | D:3      | Killed Crazy Yiuf
  3682 | D:4      | Reached XP level 7. HP: 59/59 MP: 7/12
  4366 | D:4      | Found Cagudam's CLEARANCE SALE!.
  4374 | D:4      | Bought a condenser vane for 200 gold pieces
  4414 | D:4      | Found a shimmering blue altar of Sif Muna.
  4477 | D:5      | Entered Level 5 of the Dungeon
  4877 | D:5      | Reached skill level 3 in Invocations
  5138 | D:5      | Reached XP level 8. HP: 47/67 MP: 5/14
  5740 | D:6      | Found a staircase to the Ecumenical Temple.
  6151 | D:4      | Bought 2 potions of ambrosia for 80 gold pieces
  6151 | D:4      | Bought a scroll of teleportation for 15 gold pieces
  6472 | D:6      | Noticed Menkaure
  6478 | D:6      | Killed Menkaure
  6479 | D:6      | Reached skill level 4 in Invocations
  6760 | D:7      | Noticed Maggie
  6772 | D:7      | Killed Maggie
  6773 | D:7      | Reached XP level 9. HP: 61/73 MP: 3/16
  6878 | D:7      | Reached skill level 5 in Spellcasting
  7665 | D:7      | Reached skill level 5 in Invocations
  8648 | D:8      | Reached XP level 10. HP: 75/80 MP: 13/18
  8718 | D:8      | Found a glowing silver altar of Zin.
  8805 | D:8      | Reached skill level 5 in Long Blades
  8805 | D:8      | Reached skill level 5 in Axes
  8805 | D:8      | Reached skill level 5 in Maces & Flails
  8805 | D:8      | Reached skill level 5 in Polearms
  8805 | D:8      | Reached skill level 5 in Staves
  8805 | D:8      | Reached skill level 5 in Slings
  8805 | D:8      | Reached skill level 5 in Bows
  8805 | D:8      | Reached skill level 5 in Crossbows
  8805 | D:8      | Reached skill level 5 in Throwing
  8805 | D:8      | Reached skill level 5 in Armour
  8805 | D:8      | Reached skill level 5 in Dodging
  8805 | D:8      | Reached skill level 5 in Stealth
  8805 | D:8      | Reached skill level 5 in Shields
  8805 | D:8      | Reached skill level 5 in Unarmed Combat
  8805 | D:8      | Reached skill level 5 in Evocations
  9227 | D:8      | Found a staircase to the Lair.
  9231 | D:8      | Learned a level 2 spell: Passwall
  9456 | D:4      | Learned a level 2 spell: Blink
 10548 | D:9      | Reached skill level 6 in Invocations
 11312 | D:9      | Found a sacrificial altar of Ru.
 11505 | D:10     | Entered Level 10 of the Dungeon
 11586 | D:10     | Reached XP level 11. HP: 56/87 MP: 1/20
 11830 | D:10     | Found a hazy altar of Hepliaklqana.
 12181 | D:10     | Found Qigoesh's Assorted Antiques.
 12300 | D:10     | Bought a faintly glowing wooden ring for 125 gold pieces
 12300 | D:10     | Identified the ring "Figysm" {rCorr Slay+4} (You bought it
                  | in a shop on level 10 of the Dungeon)
 12413 | D:10     | Reached skill level 5 in Conjurations
 12413 | D:10     | Reached skill level 5 in Hexes
 12413 | D:10     | Reached skill level 5 in Summonings
 12413 | D:10     | Reached skill level 5 in Necromancy
 12413 | D:10     | Reached skill level 5 in Translocations
 12413 | D:10     | Reached skill level 5 in Transmutations
 12413 | D:10     | Reached skill level 5 in Ice Magic
 12413 | D:10     | Reached skill level 5 in Air Magic
 12413 | D:10     | Reached skill level 5 in Earth Magic
 12413 | D:10     | Reached skill level 5 in Poison Magic
 12638 | D:10     | Found a runed translucent door.
 12640 | D:10     | Found a burning altar of Makhleb.
 12640 | D:10     | Noticed a sixfirhy
 12758 | D:11     | Noticed a two-headed ogre
 12781 | D:11     | Killed a two-headed ogre
 13584 | D:11     | Identified the +6 spear "Ymoti" {venom, rElec rPois rF+}
 13585 | D:11     | Found a runed translucent door.
 13585 | D:11     | Noticed p0werm0de's ghost (journeyman MiCK)
 13920 | D:11     | Reached skill level 7 in Invocations
 14977 | D:12     | Noticed Maurice
 14986 | D:12     | Killed Maurice
 15170 | D:12     | Noticed a cyclops
 15178 | D:12     | Killed a cyclops
 15761 | D:12     | Noticed a white ugly thing
 16188 | Lair:1   | Entered Level 1 of the Lair of Beasts
 16574 | Lair:1   | Reached XP level 12. HP: 68/96 MP: 3/23
 16889 | Lair:1   | Found a dark tunnel.
 16894 | Volcano  | Entered a volcano
 17402 | Volcano  | Reached skill level 8 in Invocations
 17505 | Volcano  | Reached skill level 10 in Fighting
 17505 | Volcano  | Reached skill level 10 in Short Blades
 18303 | Lair:1   | Noticed a five-headed hydra
 18309 | Lair:1   | Killed a five-headed hydra
 18697 | Lair:2   | Reached XP level 13. HP: 75/103 MP: 1/25
 19154 | Lair:2   | Found a hole to the Spider Nest.
 19498 | Lair:2   | Found a staircase to the Shoals.
 19800 | Temple   | Entered the Ecumenical Temple
 19989 | Temple   | Fell from the grace of Ignis
 19989 | Temple   | Became a worshipper of Uskayaw the Reveller
 20217 | Lair:3   | Reached * piety under Uskayaw
 20219 | Lair:3   | Reached ** piety under Uskayaw
 20223 | Lair:3   | Reached *** piety under Uskayaw
 20225 | Lair:3   | Reached **** piety under Uskayaw
 20226 | Lair:3   | Reached ***** piety under Uskayaw
 20390 | Lair:3   | Found a gate leading to a gauntlet.
 20401 | Gauntlet | Entered a Gauntlet
 20401 | Gauntlet | Found a transporter.
 20401 | Gauntlet | Found a transporter.
 20641 | Gauntlet | Found a transporter.
 20642 | Gauntlet | Found a transporter.
 20643 | Gauntlet | Found a large runed translucent door.
 20644 | Gauntlet | Found a large runed translucent door.
 20645 | Gauntlet | Found a large runed translucent door.
 20645 | Gauntlet | Found a large runed translucent door.
 20645 | Gauntlet | Found a runed translucent door.
 20646 | Gauntlet | Found a large runed translucent door.
 20648 | Gauntlet | Found a transporter.
 20656 | Gauntlet | Found a large runed translucent door.
 20657 | Gauntlet | Found a large runed translucent door.
 20658 | Gauntlet | Found a large runed translucent door.
 20659 | Gauntlet | Found a runed translucent gate.
 20660 | Gauntlet | Noticed a cacodemon
 20663 | Gauntlet | Found a transporter.
 20673 | Gauntlet | Found a transporter.
 20674 | Gauntlet | Found a transporter.
 20680 | Gauntlet | Found a transporter.
 20703 | Gauntlet | Found a transporter.
 20705 | Gauntlet | Found a runed translucent gate.
 20705 | Gauntlet | Found a runed translucent gate.
 20707 | Gauntlet | Found a large runed translucent door.
 20708 | Gauntlet | Found a large runed translucent door.
 20710 | Gauntlet | Found a transporter.
 20713 | Gauntlet | Found a large runed translucent door.
 20714 | Gauntlet | Found a large runed translucent door.
 20717 | Gauntlet | Found a runed translucent door.
 20728 | Gauntlet | Found a large runed translucent door.
 20728 | Gauntlet | Found a large runed translucent door.
 20729 | Gauntlet | Found a large runed translucent door.
 20730 | Gauntlet | Found a transporter.
 20730 | Gauntlet | Found a large runed translucent door.
 20767 | Gauntlet | Found a transporter.
 20785 | Gauntlet | Noticed a blizzard demon
 21206 | Gauntlet | Found a transporter.
 21393 | Gauntlet | Found a transporter.
 21407 | Gauntlet | Found a transporter.
 21848 | Gauntlet | Reached skill level 9 in Invocations
 21855 | Gauntlet | Identified the +1 pair of boots of the Catfish {Rampage
                  | *Slow Str+6 Dex+4}
 22000 | Gauntlet | Identified the +0 pair of boots of Meved {Regen+ Dex+3}
 22606 | Gauntlet | Identified the ring "Oggowiel" {Ice rCorr Int-5 Slay+3
                  | Stlth+}
 22606 | Gauntlet | Noticed a minotaur
 22630 | Gauntlet | Killed a minotaur
 23121 | Lair:3   | You fall into a shaft and drop 2 floors!
 23121 | Lair:5   | Was forgiven by Ignis
 23464 | Lair:4   | Noticed Snorg
 23474 | Lair:4   | Killed Snorg
 23710 | Lair:4   | Noticed Rupert
 23730 | Lair:4   | Killed Rupert
 24000 | Lair:4   | Reached XP level 14. HP: 102/113 MP: 27/27
 25242 | Lair:5   | Reached skill level 10 in Invocations
 25856 | Lair:6   | Entered Level 6 of the Lair of Beasts
 26437 | Lair:6   | Reached skill level 10 in Spellcasting
 27054 | Lair:6   | Reached XP level 15. HP: 108/120 MP: 29/29
 27090 | Lair:6   | Found a viscous altar of Jiyva.
 27091 | Lair:6   | Found a staircase to the Slime Pits.
 27623 | Lair:6   | Reached skill level 10 in Fire Magic
 27653 | Lair:6   | HP: 6/120 [komodo dragon (15)]
 27957 | Lair:6   | Learned a level 3 spell: Mephitic Cloud
 27961 | Lair:6   | Learned a level 3 spell: Dazzling Flash
 27965 | Lair:6   | Learned a level 3 spell: Swiftness
 28165 | D:11     | Killed p0werm0de's ghost
 28275 | D:12     | Found a staircase to the Orcish Mines.
 28493 | D:12     | Reached skill level 10 in Long Blades
 28493 | D:12     | Reached skill level 10 in Axes
 28493 | D:12     | Reached skill level 10 in Maces & Flails
 28493 | D:12     | Reached skill level 10 in Polearms
 28493 | D:12     | Reached skill level 10 in Staves
 28493 | D:12     | Reached skill level 10 in Slings
 28493 | D:12     | Reached skill level 10 in Bows
 28493 | D:12     | Reached skill level 10 in Crossbows
 28493 | D:12     | Reached skill level 10 in Throwing
 28493 | D:12     | Reached skill level 10 in Armour
 28493 | D:12     | Reached skill level 10 in Dodging
 28493 | D:12     | Reached skill level 10 in Stealth
 28493 | D:12     | Reached skill level 10 in Shields
 28493 | D:12     | Reached skill level 10 in Unarmed Combat
 28493 | D:12     | Reached skill level 10 in Evocations
 28675 | D:13     | Reached skill level 11 in Invocations
 28681 | D:13     | Found a gate to the Vaults.
 28778 | D:13     | Found Afreshryn's Jewellery Shop.
 28934 | D:13     | Found Feydghod's Antique Weapon Shoppe.
 29939 | D:14     | Found a portal to a secret trove of treasure.
 29940 | D:14     | Noticed Louise
 29946 | D:14     | Cast into level 2 of the Abyss (a wizard)
 29959 | D:14     | Escaped the Abyss
 29990 | D:14     | Killed Louise
 30533 | D:15     | Entered Level 15 of the Dungeon
 30604 | D:15     | Identified a scroll of acquirement
 30605 | D:15     | Acquired Ziparghi's Collected Works on the Voyage and the
                  | Glacier
 30708 | D:15     | Learned a level 3 spell: Frozen Ramparts
 30710 | D:15     | Learned a level 1 spell: Apportation
 30723 | D:15     | Noticed Roxanne
 30748 | D:15     | Found a shimmering altar of Xom.
 30996 | D:15     | Reached XP level 16. HP: 116/128 MP: 26/30
 31111 | D:15     | Found a staircase to the Depths.
 31574 | Orc:1    | Entered Level 1 of the Orcish Mines
 31712 | Orc:2    | Entered Level 2 of the Orcish Mines
 31771 | Orc:2    | Found a radiant altar of Vehumet.
 32379 | Orc:2    | Noticed Saint Roka
 32398 | Orc:2    | Killed Saint Roka
 32558 | Orc:2    | Found Vet Ygec's Antique Armour Shop.
 32592 | Orc:2    | Found Jileolu's Antique Weapon Shop.
 32629 | Orc:2    | Found a staircase to the Elven Halls.
 32960 | Orc:2    | Found Tebuw's Book Shop.
 32976 | Orc:2    | Found Pyuzenla's General Store.
 33274 | D:13     | Bought the ring "Doevas" {rElec rPois rC+++ Int+6 Dex-2}
                  | for 1684 gold pieces
 33450 | Spider:1 | Entered Level 1 of the Spider Nest
 33499 | Spider:1 | Reached ****** piety under Uskayaw
 33695 | Spider:1 | Learned a level 4 spell: Petrify
 33701 | Spider:1 | Learned a level 5 spell: Metabolic Englaciation
 33807 | Spider:1 | Reached skill level 12 in Invocations
 34132 | D:1      | Bought a potion of heal wounds for 55 gold pieces
 34132 | D:1      | Bought a potion of heal wounds for 55 gold pieces
 36764 | Spider:3 | Reached XP level 17. HP: 82/136 MP: 22/32
 37394 | Spider:4 | Entered Level 4 of the Spider Nest
 37405 | Spider:4 | Identified the +3 leather armour of Insecurity {rPois
                  | Will+}
 38712 | Spider:4 | Reached skill level 10 in Conjurations
 38712 | Spider:4 | Reached skill level 10 in Hexes
 38712 | Spider:4 | Reached skill level 10 in Summonings
 38712 | Spider:4 | Reached skill level 10 in Necromancy
 38712 | Spider:4 | Reached skill level 10 in Translocations
 38712 | Spider:4 | Reached skill level 10 in Transmutations
 38712 | Spider:4 | Reached skill level 10 in Ice Magic
 38712 | Spider:4 | Reached skill level 10 in Air Magic
 38712 | Spider:4 | Reached skill level 10 in Earth Magic
 38712 | Spider:4 | Reached skill level 10 in Poison Magic
 39081 | Spider:4 | Got a gossamer rune of Zot
 39523 | Shoals:1 | Entered Level 1 of the Shoals
 39532 | Shoals:1 | Reached skill level 13 in Invocations
 39535 | Shoals:1 | Noticed Josephine
 39571 | Shoals:1 | Killed Josephine
 39737 | Shoals:1 | Found Acunaisom's Magic Scroll Shoppe.
 39759 | Shoals:1 | Learned a level 5 spell: Summon Forest
 39767 | Shoals:1 | Learned a level 6 spell: Death Channel
 40256 | Shoals:1 | Reached XP level 18. HP: 144/144 MP: 34/34
 40547 | Shoals:2 | Noticed Ilsuiw
 40576 | Shoals:2 | Killed Ilsuiw
 41746 | Shoals:3 | Identified the ring of the Philosopher {Int+6 Dex+2}
 42244 | Shoals:3 | Found an ornate altar of the Wu Jian Council.
 42254 | Shoals:3 | Noticed Jorgrun
 42278 | Shoals:3 | Killed Jorgrun
 42445 | Shoals:4 | Entered Level 4 of the Shoals
 42535 | Shoals:4 | Found a frozen archway.
 42577 | IceCv    | Entered an ice cave
 42824 | IceCv    | Noticed a golden dragon
 42894 | IceCv    | Killed a golden dragon
 42944 | IceCv    | Identified the amulet of the Past {Acrobat Harm rPois rN++
                  | Dex-4}
 43298 | Shoals:4 | Identified the ring "Udam" {rC+ Str+3 Int+6 Stlth-}
 43616 | Shoals:4 | Reached XP level 19. HP: 112/152 MP: 28/36
 43744 | Shoals:4 | Reached skill level 14 in Invocations
 43748 | Shoals:4 | Got a barnacled rune of Zot
 44139 | Shoals:4 | Noticed Kirke
 44163 | Shoals:4 | Killed Kirke
 46389 | Vaults:1 | Entered Level 1 of the Vaults
 46395 | Vaults:1 | Learned a level 4 spell: Flame Wave
 46713 | Vaults:1 | Found Bataprit's General Store.
 46735 | Vaults:1 | Bought a tin of tremorstones (2/2) for 480 gold pieces
 48131 | Vaults:2 | Found Koxass's Armour Shop.
 48134 | Vaults:2 | Bought a +1 helmet of see invisible for 280 gold pieces
 48591 | Vaults:2 | Reached XP level 20. HP: 161/161 MP: 20/37
 48945 | Vaults:2 | Found a staircase to the Crypt.
 48945 | Vaults:2 | Found an ancient bone altar of Kikubaaqudgha.
 48945 | Vaults:2 | Found a basalt altar of Yredelemnul.
 49256 | Vaults:2 | Reached skill level 15 in Fighting
 49256 | Vaults:2 | Reached skill level 15 in Short Blades
 50254 | Vaults:3 | Reached skill level 15 in Invocations
 51655 | Vaults:4 | Reached XP level 21. HP: 151/152 MP: 35/39
 51705 | Vaults:4 | Noticed Mara
 51716 | Vaults:4 | Noticed kipponium's illusion
 51720 | Vaults:4 | Killed Mara
 52905 | Depths:1 | Entered Level 1 of the Depths
 53029 | Depths:1 | Found a gateway to Hell.
 53354 | Depths:1 | Found an iron altar of Okawaru.
 53362 | Depths:1 | Identified the +4 hand axe "Vaafu" {freeze, rElec}
 53524 | Depths:1 | Found an ancient bone altar of Kikubaaqudgha.
 53637 | Depths:1 | Found Ugueni's Demolitions Depot.
 53647 | Depths:1 | Bought a lightning rod (4/4) for 570 gold pieces
 54642 | Depths:2 | Reached skill level 15 in Spellcasting
 54671 | Depths:2 | Reached skill level 16 in Invocations
 54945 | Depths:2 | Reached XP level 22. HP: 177/178 MP: 34/41
 55046 | Depths:2 | Identified the +4 short sword "Muogiotz" {speed, Str+4}
 55603 | Depths:2 | Found a one-way gate leading to the halls of Pandemonium.
 55738 | Depths:2 | Reached skill level 15 in Long Blades
 55738 | Depths:2 | Reached skill level 15 in Axes
 55738 | Depths:2 | Reached skill level 15 in Maces & Flails
 55738 | Depths:2 | Reached skill level 15 in Polearms
 55738 | Depths:2 | Reached skill level 15 in Staves
 55738 | Depths:2 | Reached skill level 15 in Slings
 55738 | Depths:2 | Reached skill level 15 in Bows
 55738 | Depths:2 | Reached skill level 15 in Crossbows
 55738 | Depths:2 | Reached skill level 15 in Throwing
 55738 | Depths:2 | Reached skill level 15 in Armour
 55738 | Depths:2 | Reached skill level 15 in Dodging
 55738 | Depths:2 | Reached skill level 15 in Stealth
 55738 | Depths:2 | Reached skill level 15 in Shields
 55738 | Depths:2 | Reached skill level 15 in Unarmed Combat
 55738 | Depths:2 | Reached skill level 15 in Evocations
 56919 | Depths:3 | Paralysed by a sphinx for 2 turns
 57392 | Depths:3 | Found Gyrghast's Antique Weapon Shop.
 57392 | Depths:3 | Found Coryik's General Store.
 57396 | Depths:3 | Found Xaejit's General Store.
 57487 | Depths:3 | Found a one-way gate to the infinite horrors of the Abyss.
 57821 | Depths:3 | Found a one-way gateway to a ziggurat.
 58224 | Depths:3 | Noticed a royal mummy
 58398 | Depths:4 | Entered Level 4 of the Depths
 58416 | Depths:4 | Noticed a juggernaut
 58474 | Depths:3 | Killed a juggernaut
 58973 | Depths:4 | Found a gate to the Realm of Zot.
 59157 | Depths:4 | Noticed a golden dragon
 59175 | Depths:4 | Killed a golden dragon
 59245 | Depths:4 | Noticed a golden dragon
 59260 | Depths:4 | Killed a golden dragon
 59282 | Depths:4 | Noticed a juggernaut
 59311 | Depths:4 | Found a transporter.
 59582 | Elf:1    | Entered Level 1 of the Elven Halls
 59605 | Elf:1    | Identified the +1 plate armour of Imperfection {-Cast
                  | Rampage +Inv}
 59717 | Elf:1    | Paralysed by an air elemental for 1 turns
 59792 | Elf:1    | Reached XP level 23. HP: 170/186 MP: 31/42
 60396 | Elf:1    | Found a shimmering blue altar of Sif Muna.
 60796 | Elf:2    | Found Popt's Antique Armour Shop.
 60796 | Elf:2    | Found Kait's Antique Armour Boutique.
 60817 | Elf:2    | Bought a masterwork ring mail for 180 gold pieces
 60817 | Elf:2    | Identified the +1 ring mail of Ameopp {rC+ Int+4} (You
                  | bought it in a shop on level 2 of the Elven Halls)
 60817 | Elf:2    | Bought a dazzling scale mail for 180 gold pieces
 60817 | Elf:2    | Identified the +2 scale mail of the Cricket {rF+ MP+9} (You
                  | bought it in a shop on level 2 of the Elven Halls)
 60817 | Elf:2    | Bought a faintly glowing helmet for 190 gold pieces
 60817 | Elf:2    | Identified the +2 helmet of Music {Str+5 Dex+5} (You bought
                  | it in a shop on level 2 of the Elven Halls)
 60840 | Elf:2    | Bought a heavily runed scale mail for 405 gold pieces
 60840 | Elf:2    | Identified the +2 scale mail of Fipovvit {rElec Int+6} (You
                  | bought it in a shop on level 2 of the Elven Halls)
 61129 | Elf:2    | Found a runed translucent gate.
 61129 | Elf:2    | Found a runed translucent gate.
 61129 | Elf:2    | Found a runed translucent gate.
 61350 | Elf:2    | Reached skill level 17 in Invocations
 61868 | Elf:3    | Entered Level 3 of the Elven Halls
 62089 | Elf:3    | Identified the +4 chain mail of Xom's Whim {rPois rF+ rCorr
                  | Dex+7}
 62494 | Elf:3    | Found Jigyoph's Antique Armour Emporium.
 63069 | Elf:2    | Found a radiant altar of Vehumet.
 63112 | Elf:3    | Identified the +5 demon blade "Tefyqedo" {elec, Int+2}
 63175 | Elf:3    | Identified the ring "Yduuf" {Fly rN+ rCorr}
 63229 | Elf:3    | Reached XP level 24. HP: 189/195 MP: 42/43
 63327 | Elf:3    | Identified the ring "Apur" {rN+ Str+2}
 63372 | Elf:3    | Identified the ring "Powigh" {Fire MP+9}
 63379 | Elf:3    | Identified the +9 morningstar "Gejiascho" {venom, rF- Str+3
                  | Int+3}
 63397 | Elf:3    | Identified the +2 arbalest of the Dozen Souls {venom, *Slow
                  | rN+++ Will+ Int+2}
 63420 | Elf:3    | Found the +5 demon whip "Spellbinder" {antimagic, Will+}
 63898 | Vaults:5 | Entered Level 5 of the Vaults
 63906 | Vaults:5 | Noticed Jory
 64043 | Vaults:5 | Noticed a dread lich
 64056 | Vaults:5 | Noticed an ancient lich
 64061 | Vaults:5 | Killed Jory
 64068 | Vaults:5 | Killed a dread lich
 64076 | Vaults:5 | Killed an ancient lich
 64091 | Vaults:5 | Identified the ring of Qoerepats {+Blink rC+ Will+ SInv}
 64155 | Vaults:5 | Identified the +11 long sword of Giusmu {flame, rPois rC+
                  | Str+4}
 64182 | Vaults:5 | Reached skill level 15 in Fire Magic
 64440 | Vaults:5 | Identified the +1 chain mail of Cowardice {rCorr Int+2}
 64627 | Vaults:5 | Reached skill level 18 in Invocations
 64726 | Vaults:5 | Identified the +0 robe of Lugonu's Supremacy {Dex+3}
 64735 | Vaults:5 | Reached skill level 15 in Summonings
 64735 | Vaults:5 | Identified the +1 trident "Zirph" {drain, rElec rC+}
 64887 | Vaults:5 | Noticed Bai Suzhen
 64900 | Vaults:5 | Killed Bai Suzhen
 64955 | Vaults:5 | Got the Collected Works on the Supportive Rocks
 64959 | Vaults:5 | Identified the +7 plate armour "Mecveiha" {+Inv rElec Int+3
                  | Dex-5}
 65172 | Vaults:5 | Noticed an ancient lich
 65195 | Vaults:5 | Killed an ancient lich
 65196 | Vaults:5 | Reached XP level 25. HP: 145/203 MP: 41/43
 65251 | Vaults:5 | Got a silver rune of Zot
 65419 | Vaults:5 | Identified the +10 flail of Idoikkix {pain, rPois Int+2}
 65701 | Vaults:5 | Identified the +3 plate armour of the Butterfly {rPois rF+
                  | Slay-2}
 65720 | Vaults:5 | Acquired 946 gold pieces
 66548 | Depths:3 | Killed a royal mummy
 66668 | Depths:4 | Found a transporter.
 66685 | Depths:4 | Noticed Funofi's ghost (adept MiBe)
 66827 | Depths:4 | Noticed Mennas
 66845 | Depths:4 | Killed Mennas
 67107 | Depths:4 | Killed a juggernaut
 67784 | Zot:1    | Entered Level 1 of the Realm of Zot
 67884 | Zot:1    | Learned a level 4 spell: Dispel Undead
 67892 | Zot:1    | Learned a level 7 spell: Malign Gateway
 70110 | Zot:3    | HP: 10/204 [deathcap/drain life[a curse toe] (11)]
 70814 | Zot:3    | Found a transporter.
 71107 | Zot:3    | Found a transporter.
 71109 | Zot:3    | Found the +7 mace of Variability {chain chaos}
 71198 | Zot:3    | Noticed a Killer Klown
 71199 | Zot:3    | Noticed a dread lich
 71315 | Zot:3    | Killed a Killer Klown
 71316 | Zot:3    | Reached XP level 26. HP: 145/213 MP: 17/44
 71437 | Zot:3    | Killed a dread lich
 71564 | Zot:3    | Gained mutation: Your body sometimes deteriorates upon
                  | taking damage. [a cacodemon]
 71661 | Zot:3    | Identified the ring of the Trilobite {Fly rC+++ EV+4}
 71691 | Zot:3    | Identified the ring of Erhaubah {rN+ MP+9 Str+4 SInv}
 72143 | Zot:4    | Reached skill level 19 in Invocations
 72653 | Zot:4    | Reached skill level 15 in Conjurations
 72653 | Zot:4    | Reached skill level 15 in Hexes
 72653 | Zot:4    | Reached skill level 15 in Necromancy
 72653 | Zot:4    | Reached skill level 15 in Translocations
 72653 | Zot:4    | Reached skill level 15 in Transmutations
 72653 | Zot:4    | Reached skill level 15 in Ice Magic
 72653 | Zot:4    | Reached skill level 15 in Air Magic
 72653 | Zot:4    | Reached skill level 15 in Earth Magic
 72653 | Zot:4    | Reached skill level 15 in Poison Magic
 73166 | Zot:5    | Entered Level 5 of the Realm of Zot
 73803 | Zot:5    | Noticed an orb of fire
 73812 | Zot:5    | Noticed an orb of fire
 73816 | Zot:5    | Noticed a Killer Klown
 73819 | Zot:5    | Noticed an orb of fire
 73821 | Zot:5    | Noticed an ancient lich
 73824 | Zot:5    | Noticed an orb of fire
 73824 | Zot:5    | Noticed an orb of fire
 73825 | Zot:5    | Noticed an orb of fire
 73827 | Zot:5    | Killed from afar by an orb of fire

Illustrated notes

Levels and vault maps discovered:
D:1:      erik_arrival_blinker_ship, layout_basic, serial_shops, shop,
          basic_ecumenical_altar, minivault_26, serial_bayou_crossing
D:2:      layout_basic
D:3:      layout_loops_ring, elyvilon_altar_3, minmay_surrounded, uniq_robin,
          uniq_grinder, uniq_crazy_yiuf_cottage
D:4:      layout_cave_pools, mainiacjoe_overflow_alcove_2,
          nicolae_shop_clearance
D:5:      layout_loops_ring, chequers_serial_rivers_small_a,
          minmay_misc_feat_doors
D:6:      layout_cave_pools, temple_statues, uniq_menkaure
D:7:      cheibrodos_helix_gallery, layout_loops_ring,
          kennysheep_generic_room_5, uniq_maggie
D:8:      layout_basic, zin_scriptorium, minmay_lair_entry_grove
D:9:      layout_rooms, nicolae_ru_path_of_blood, grunt_decor_resistance
D:10:     layout_loops_corners, amcnicky_altar_gilded, nzn_makhleb_speed_demon,
          serial_shops, shop
D:11:     layout_loops_ring, ebering_ghost_funeral_grove
D:12:     layout_small_grid, david_orc_3, uniq_maurice
D:13:     layout_cave_pools, grunt_vaults_entry_tiered, serial_shops,
          nicolae_stop_n_shop_2, nicolae_take_the_stairs,
          minmay_misc_feat_columns
D:14:     layout_loops_corners, minivault_24, enter_trove_1, uniq_louise
D:15:     grunt_enter_depths_hoard, layout_loops_ring, xom_teletrap_fun,
          uniq_roxanne
Temple:   nicolae_temple_elliptical
Lair:1:   layout_big_grid, enter_volcano_1, infiniplex_staircase_pool_2,
          grunt_megastairs_1
Lair:2:   layout_loops_ring, shoals_dummy_entry,
          nicolae_spider_entry_non_spiders, grunt_megastairs_5
Lair:3:   regret_index_combs_of_tragedy, layout_long_grid,
          gauntlet_entry_generic, beast_lair_carwin_10
Lair:4:   layout_cave_pods, chequers_serial_rivers_marsh, uniq_snorg,
          uniq_rupert
Lair:5:   layout_gridlike
Lair:6:   guppyfry_lair_end_dragon, layout_regular_city,
          hangedman_lair_tendril_chambers, slime_altar_1
Shoals:1: layout_shoals, serial_shops, nicolae_shop_crystal, uniq_josephine
Shoals:2: layout_shoals, uniq_ilsuiw
Shoals:3: layout_shoals, lemuel_oklob_altar, uniq_jorgrun
Shoals:4: shoals_end_hangedman, layout_shoals,
          portal_ice_cave_entry_frozen_things, uniq_kirke
Spider:1: layout_spider_delve, guppyfry_spider_mini_2
Spider:2: layout_spider_delve, drop_trap
Spider:3: layout_chambers, nicolae_spider_cling_halls
Spider:4: guppyfry_spider_rune
Orc:1:    layout_caves, mines2_lemuel
Orc:2:    grunt_orc_cross, layout_diamond_mine, basic_altar
Elf:1:    layout_geoelf_grid, hangedman_elven_crosses_minicolossus,
          serial_sigils_hangedman_stare, nrook_mini_backslash,
          hangedman_summoners_spam
Elf:2:    elven_hall_of_blades_hangedman_original [mumra_blade_entry_bloodbath],
          layout_geoelf_grid, lemuel_upstairs_altar, minmay_shoptagon
Elf:3:    elf_hall, layout_gridlike, serial_shops, nicolae_shop_statue_plus,
          grunt_ministairs_4
Vaults:1: v_misc_3, vaults_mumra_chevron_long, vaults_room_corners,
          ontoclasm_vaults_gateway, grunt_vaults_funnel, grunt_vaults_bifocal,
          layout_vaults_quadrants, serial_shops, shop
Vaults:2: nicolae_vaults_mini_display_case, minmay_crypt_entry_necro_gods,
          vaults_mumra_minichess, hangedman_vaults_unwind, v_misc_8,
          nicolae_vaults_asterisk, vaults_mumra_lcd, grunt_vaults_hallway_long,
          v_pattern_4, v_alt_pattern_1, hangedman_vaults_nails,
          layout_vaults_ring, serial_shops, shop
Vaults:3: nicolae_vaults_border_crossing, vaults_mumra_chevron,
          nicolae_vaults_little_squares_2, v_alt_pattern_2, v_misc_8,
          hangedman_vaults_locks, grunt_vaults_trifunnel, hangedman_vaults_maws,
          v_misc_26, v_misc_8, ontoclasm_vaults_fault, vaults_room_semicircle,
          vaults_room_pools, layout_vaults_omnibox
Vaults:4: v_rooms_2, vaults_room_pool, hangedman_vaults_nodes, v_misc_3,
          vaults_room_corners, hangedman_vaults_stagger,
          nicolae_vaults_puzzle_piece, nicolae_vaults_know_your_exits,
          grunt_vaults_diagonal, v_misc_24, vaults_room_stairs_pillars,
          layout_vaults_omnicross, uniq_saint_roka, uniq_mara
Vaults:5: serial_shops, uniq_jory, uniq_bai_suzhen
Depths:1: layout_gridville, hell_entry, kiku_gazebo_garden_becter,
          nicolae_blasting_shop, hex_large, chequers_serial_rivers_small_3,
          statue_in_the_mist_lemuel, dk_noncrumbling_4, st_stairs_2,
          okawaru_ov_weapons_minmay, serial_bayou_shore_a
Depths:2: minmay_the_grid_3x3 [minmay_the_grid_slots,
          minmay_the_grid_broken_lines, minmay_the_grid_gridbox,
          minmay_the_grid_dragon_b, minmay_the_grid_outer_circle,
          minmay_the_grid_embedded, minmay_the_grid_doors,
          minmay_the_grid_pillar_ring, minmay_the_grid_prize_four_corners],
          layout_long_grid, hell_entry, serial_glass, glass_columns_a,
          glass_columns_a, glass_columns_b, glass_columns_a, glass_columns_a,
          glass_columns_a, glass_columns_a, glass_columns_a,
          rand_demon_pan_entry_8
Depths:3: ragdoll_tomb_raider, layout_gridville, enter_ziggurat_b,
          abyss_entry_small_statue_room, grunt_hell_entry_dis_mu,
          kennysheep_generic_room_11, minmay_shop_star, minmay_staircase_bubble
Depths:4: grunt_twist_and_shout, layout_basic, hell_entry, serial_sigils,
          serial_sigils_hangedman_scratch, serial_sigils_hangedman_snap,
          serial_sigils_hangedman_confine, serial_sigils_hangedman_writhe,
          serial_shops, bzr_entry_gold, gammafunk_ghost_berserking_beasts,
          minmay_misc_feat_chi, uniq_mennas
Zot:1:    layout_misc_corridors, st_stairs_1, st_single_dragon_hoard_2,
          grunt_ministairs_7
Zot:2:    layout_onion
Zot:3:    gammafunk_dig_for_victory, layout_cellular_growth
Zot:4:    layout_basic
Zot:5:    layout_twisted_circle, bh_zot_lava_cross

Skill      XL: |  1  2  3  4  5  6  7  8  9 10 11 12 13 14 15 16 17 18 19 20 21 22 23 24 25 26 |
---------------+-------------------------------------------------------------------------------+-----
Invocations    | 1 2 3 4 5 6 7 8 9 10 11 12 13 14 15 16 17 18 19 | 19.2
Long Blades    | 1 2 3 4 5 6 7 8 9 10 11 12 13 14 15 16 17 | 17.7
Axes           | 1 2 3 4 5 6 7 8 9 10 11 12 13 14 15 16 17 | 17.7
Maces & Flails | 1 2 3 4 5 6 7 8 9 10 11 12 13 14 15 16 17 | 17.7
Polearms       | 1 2 3 4 5 6 7 8 9 10 11 12 13 14 15 16 17 | 17.7
Staves         | 1 2 3 4 5 6 7 8 9 10 11 12 13 14 15 16 17 | 17.7
Slings         | 1 2 3 4 5 6 7 8 9 10 11 12 13 14 15 16 17 | 17.7
Bows           | 1 2 3 4 5 6 7 8 9 10 11 12 13 14 15 16 17 | 17.7
Crossbows      | 1 2 3 4 5 6 7 8 9 10 11 12 13 14 15 16 17 | 17.7
Throwing       | 1 2 3 4 5 6 7 8 9 10 11 12 13 14 15 16 17 | 17.7
Armour         | 1 2 3 4 5 6 7 8 9 10 11 12 13 14 15 16 17 | 17.7
Dodging        | 1 2 3 4 5 6 7 8 9 10 11 12 13 14 15 16 17 | 17.7
Stealth        | 1 2 3 4 5 6 7 8 9 10 11 12 13 14 15 16 17 | 17.7
Shields        | 1 2 3 4 5 6 7 8 9 10 11 12 13 14 15 16 17 | 17.7
Unarmed Combat | 1 2 3 4 5 6 7 8 9 10 11 12 13 14 15 16 17 | 17.7
Evocations     | 1 2 3 4 5 6 7 8 9 10 11 12 13 14 15 16 17 | 17.7
Spellcasting   | 3 4 5 6 7 8 9 10 11 12 13 14 15 16 17 | 17.9
Conjurations   | 1 2 3 4 5 6 7 8 9 10 11 12 13 14 15 | 15.1
Hexes          | 1 2 3 4 5 6 7 8 9 10 11 12 13 14 15 | 15.1
Summonings     | 1 2 3 4 5 6 7 8 9 10 11 12 13 14 15 16 | 16.7
Necromancy     | 1 2 3 4 5 6 7 8 9 10 11 12 13 14 15 | 15.1
Translocations | 1 2 3 4 5 6 7 8 9 10 11 12 13 14 15 | 15.1
Transmutations | 1 2 3 4 5 6 7 8 9 10 11 12 13 14 15 | 15.1
Ice Magic      | 1 2 3 4 5 6 7 8 9 10 11 12 13 14 15 | 15.1
Air Magic      | 1 2 3 4 5 6 7 8 9 10 11 12 13 14 15 | 15.1
Earth Magic    | 1 2 3 4 5 6 7 8 9 10 11 12 13 14 15 | 15.1
Poison Magic   | 1 2 3 4 5 6 7 8 9 10 11 12 13 14 15 | 15.1
Fighting       | 7 8 9 10 11 12 13 14 15 16 17 18 | 18.7
Short Blades   | 7 8 9 10 11 12 13 14 15 16 17 18 | 18.7
Fire Magic     | 6 7 8 9 10 11 12 13 14 15 | 15.9

Action                   |  1- 3 |  4- 6 |  7- 9 | 10-12 | 13-15 | 16-18 | 19-21 | 22-24 | 25-27 || total
-------------------------+-------+-------+-------+-------+-------+-------+-------+-------+-------++-------
Melee: Short sword       |    71 |    86 |   215 |   425 |       |       |       |       |       ||   797
       Bite              |     3 |     7 |    28 |    59 |   122 |   164 |   144 |   159 |   108 ||   794
       Punch             |       |     1 |       |       |       |       |       |       |       ||     1
       Rapier            |       |       |       |   145 |   955 |  1441 |  1152 |   387 |       ||  4080
       Demon blade       |       |       |       |       |       |       |       |   859 |   533 ||  1392
       Demon whip        |       |       |       |       |       |       |       |     2 |       ||     2
Throw: Dart              |       |       |       |    35 |    47 |    12 |     8 |    32 |    11 ||   145
       Boomerang         |       |       |       |     1 |    17 |   118 |     4 |       |       ||   140
 Cast: Scorch            |    11 |    29 |   130 |   334 |   177 |   137 |    57 |    35 |    21 ||   931
       Passwall          |       |       |       |     2 |       |       |       |     1 |     1 ||     4
       Mephitic Cloud    |       |       |       |       |     8 |     9 |    10 |    10 |     7 ||    44
       Dazzling Flash    |       |       |       |       |     5 |     5 |     2 |       |       ||    12
       Frozen Ramparts   |       |       |       |       |     1 |    34 |    30 |    16 |     2 ||    83
       Petrify           |       |       |       |       |       |     5 |    41 |    18 |     3 ||    67
       Metabolic Englaci |       |       |       |       |       |    19 |     9 |     9 |     5 ||    42
       Summon Forest     |       |       |       |       |       |    11 |    15 |    14 |    24 ||    64
       Death Channel     |       |       |       |       |       |     7 |    28 |    30 |    26 ||    91
       Flame Wave        |       |       |       |       |       |       |     3 |     2 |       ||     5
       Blink             |       |       |       |       |       |       |     2 |     1 |     5 ||     8
       Swiftness         |       |       |       |       |       |       |       |     1 |     1 ||     2
       Malign Gateway    |       |       |       |       |       |       |       |       |    28 ||    28
Invok: Fiery Armour      |       |     1 |       |     3 |       |       |       |       |       ||     4
       Foxfire Swarm     |       |     1 |       |     1 |       |       |       |       |       ||     2
       Rising Flame      |       |       |       |     1 |       |       |       |       |       ||     1
       Stomp             |       |       |       |       |    14 |    19 |     1 |       |       ||    34
       Line Pass         |       |       |       |       |     3 |       |     1 |       |       ||     4
       Grand Finale      |       |       |       |       |       |     1 |     2 |     1 |       ||     4
 Abil: Evoke Invisibilit |       |       |       |       |     1 |       |     1 |       |     1 ||     3
Evoke: Condenser vane    |       |       |       |     2 |     2 |     5 |     1 |     2 |     1 ||    13
       Wand              |       |       |       |     4 |    22 |    12 |     2 |     8 |     8 ||    56
       Piece from Xom's  |       |       |       |       |     4 |       |       |       |       ||     4
       Phial of floods   |       |       |       |       |       |       |     1 |     4 |     1 ||     6
       Tin of tremorston |       |       |       |       |       |       |     1 |       |       ||     1
       Lightning rod     |       |       |       |       |       |       |       |     3 |     2 ||     5
       Box of beasts     |       |       |       |       |       |       |       |     4 |     6 ||    10
       Phantom mirror    |       |       |       |       |       |       |       |     4 |     3 ||     7
  Use: Scroll            |       |       |     6 |    16 |    25 |     4 |     3 |    14 |     8 ||    76
       Potion            |       |       |       |    12 |     8 |     4 |     3 |    10 |     4 ||    41
 Stab: Sleeping          |     1 |     3 |     6 |       |    14 |    26 |    36 |    38 |    10 ||   134
       Paralysed         |       |       |       |       |    79 |    57 |   103 |   107 |    50 ||   396
       Distracted        |       |       |       |       |     4 |     8 |    13 |     9 |    15 ||    49
       Confused          |       |       |       |       |     9 |     4 |    14 |     8 |     1 ||    36
       Invisible         |       |       |       |       |     4 |     1 |     1 |     7 |       ||    13
       Petrified         |       |       |       |       |       |     5 |    19 |    11 |       ||    35
       Petrifying        |       |       |       |       |       |       |     4 |       |       ||     4
Armor: Robe              |    10 |    26 |    20 |       |       |       |       |       |       ||    56
       Steam dragon scal |       |       |    23 |    45 |       |       |       |       |       ||    68
       Swamp dragon scal |       |       |    10 |   105 |   221 |   107 |       |       |       ||   443
       Leather armour    |       |       |       |       |       |   181 |   117 |    12 |       ||   310
       Quicksilver drago |       |       |       |       |       |       |       |   153 |   154 ||   307
Dodge: Dodged            |    31 |    44 |    89 |   223 |   266 |   400 |   269 |   290 |   229 ||  1841
Block: Other             |       |       |    15 |       |       |       |       |       |       ||    15
       Kite shield       |       |       |    35 |   477 |   573 |   793 |   493 |   512 |   356 ||  3239
       Reflection        |       |       |     1 |     2 |    14 |    11 |    35 |    53 |    14 ||   130

Table legend: (Time is in decaauts)
 A = Elapsed time spent in this place.
 B = Non-inter-level travel time spent in this place.
 C = Inter-level travel time spent in this place.
 D = Time resting spent in this place.
 E = Time spent auto-exploring this place.
 F = Levels seen in this place.
 G = Mean time per level.
                   A        B        C        D        E       F      G
               +--------+--------+--------+--------+--------+-----+--------+
         Total |  71098 |  65624 |   5474 |  18380 |  27254 |  53 | 1341.5 |
       Dungeon |  21030 |  18551 |   2479 |   6389 |   8728 |  15 | 1402.0 |
        Temple |    230 |    189 |     41 |      0 |    118 |   1 |  230.0 |
          Lair |   8101 |   7439 |    662 |   2001 |   3189 |   6 | 1350.2 |
        Shoals |   6069 |   5722 |    347 |   1036 |   2772 |   4 | 1517.2 |
   Spider Nest |   5267 |   5021 |    246 |   1205 |   2317 |   4 | 1316.8 |
  Orcish Mines |   1652 |   1497 |    155 |    194 |    871 |   2 |  826.0 |
   Elven Halls |   3937 |   3696 |    241 |    334 |   1461 |   3 | 1312.3 |
        Vaults |   8205 |   7823 |    382 |   1684 |   3322 |   5 | 1641.0 |
        Depths |   6966 |   6368 |    598 |   1959 |   2601 |   4 | 1741.5 |
           Zot |   5889 |   5571 |    318 |   1353 |   1770 |   5 | 1177.8 |
         Abyss |     12 |     12 |      0 |      0 |      0 |   1 |   12.0 |
      Ice Cave |    584 |    584 |      0 |    195 |    104 |   1 |  584.0 |
       Volcano |    830 |    830 |      0 |    560 |      0 |   1 |  830.0 |
      Gauntlet |   2319 |   2319 |      0 |   1468 |      0 |   1 | 2319.0 |
               +--------+--------+--------+--------+--------+-----+--------+

Top non-repeatable levels by time:
Gauntlet: 2319 daAuts
    D:11: 2287 daAuts
   Zot:3: 2039 daAuts
Depths:3: 1976 daAuts
    D:10: 1962 daAuts
  Lair:6: 1958 daAuts
Vaults:5: 1948 daAuts
     D:8: 1933 daAuts
Depths:2: 1878 daAuts
Depths:4: 1817 daAuts
Spider:4: 1813 daAuts
Shoals:4: 1801 daAuts
Vaults:1: 1722 daAuts
Vaults:3: 1634 daAuts
Vaults:4: 1621 daAuts
